SL
GRAFTON MIDDIES @ WIZARDING EXPRESS
07/17/2030
 
TOP OF THE 1ST
Grafton Middies batting - Pitching for Wizarding Express : RHP Juan Contreras
Pitching: RHP Juan Contreras
Batting: RHB Pedro Santos 0-0: Ball
1-0: Ball
2-0: Foul Ball, location: 2F
2-1: Foul Ball, location: 2F
2-2: Ball
3-2: Foul Ball, location: 2F
3-2: SINGLE (Line Drive, 34)
Batting: RHB Orlando Reyes 0-0: Called Strike
0-1: Ball
1-1: Ball
2-1: SINGLE (Line Drive, 9S)
Pedro Santos to second
Runner from 2nd tries for 3rd, SAFE, no throw
Batting: LHB Mario Ramos 0-0: Fly out, F9 (Flyball, 89M)
Runner from 3rd tags up, SCORES, throw made
Batting: LHB Phil MacNamara 0-0: Ball
1-0: Called Strike
Throwing error on steal attempt, E2
Orlando Reyes to third
1-1: Ball
2-1: Foul Ball, location: 2F
2-2: SINGLE (Line Drive, 6MD)
Orlando Reyes scores
Batting: RHB Cristo González 0-0: Called Strike
0-1: Ball
1-1: Ball
2-1: Called Strike
2-2: Strikes out swinging
Batting: RHB Stefano Gaddi 0-0: Ball
1-0: Ball
2-0: Called Strike
2-1: Fielders Choice at 2nd, 6-4 (Groundball, 6)
Top of the 1st over - 2 runs, 3 hits, 1 error, 1 left on base; Grafton 2 - Wizarding 0
BOTTOM OF THE 1ST
Wizarding Express batting - Pitching for Grafton Middies : RHP Craig Whitney
Pitching: RHP Craig Whitney
Batting: LHB José Corona 0-0: Fly out, F3 (Line Drive, 34)
Batting: SHB Salvador Trevino 0-0: Ground out 1-3 (Groundball, P)
Batting: RHB António Martínez 0-0: Ball
1-0: Ball
2-0: Ground out 4-3 (Groundball, 4)
Bottom of the 1st over - 0 runs, 0 hits, 0 errors, 0 left on base; Grafton 2 - Wizarding 0
TOP OF THE 2ND
Grafton Middies batting - Pitching for Wizarding Express : RHP Juan Contreras
Batting: LHB Jorge Flores 0-0: Swinging Strike
0-1: Called Strike
0-2: Strikes out swinging
Batting: LHB John Meléndez 0-0: Ball
1-0: Bunt missed!
1-1: Foul Ball, location: 2F
1-2: SINGLE (Groundball, 34D)
Batting: LHB Juan Caro 0-0: Ball
1-0: Fielders Choice at 2nd, 1-6 (Groundball, P)
Batting: RHB Pedro Santos 0-0: Ball
1-0: Called Strike
1-1: Ball
2-1: Foul Ball, location: 2F
2-2: Foul Ball, location: 2F
2-2: Ball
3-2: Foul Ball, location: 2F
3-2: DOUBLE (Line Drive, 9LM)
Juan Caro to third
Juan Caro scores
Batting: RHB Orlando Reyes 0-0: Called Strike
0-1: Ball
1-1: Foul Ball, location: 2F
1-2: Foul Ball, location: 2F
1-2: Ball
2-2: Ball
3-2: Base on Balls
Batting: LHB Mario Ramos 0-0: Ball
1-0: Ball
2-0: 3-RUN HOME RUN (Flyball, 9D), Distance : 336 ft
Batting: LHB Phil MacNamara 0-0: SINGLE (Flyball, 9S)
Batting: RHB Cristo González 0-0: Fly out, F7 (Flyball, 7S)
Top of the 2nd over - 4 runs, 4 hits, 0 errors, 1 left on base; Grafton 6 - Wizarding 0
BOTTOM OF THE 2ND
Wizarding Express batting - Pitching for Grafton Middies : RHP Craig Whitney
Batting: LHB Nathan Tanner 0-0: Ball
1-0: Foul Ball, location: 2F
1-1: Fly out, F7 (Line Drive, 78M)
Batting: SHB Fernando Sánchez 0-0: Ball
1-0: Ball
2-0: Ball
3-0: Foul Ball, location: 2F
3-1: Foul Ball, location: 2F
3-2: Base on Balls
Batting: LHB António Boccanegra 0-0: Called Strike
0-1: Ball
1-1: Called Strike
1-2: Ball
2-2: Ball
3-2: Base on Balls
Fernando Sánchez to second
Batting: RHB Ralph Cranford 0-0: 3-RUN HOME RUN (Flyball, 7D), Distance : 347 ft
Batting: LHB David Breitling 0-0: Ball
1-0: Ball
2-0: Ball
3-0: Called Strike
3-1: Foul Ball, location: 2F
3-2: Strikes out looking
Batting: RHB Frank Grimes 0-0: SINGLE (Groundball, 25) (infield hit)
Batting: LHB José Corona 0-0: Ball
1-0: Called Strike
1-1: Ball
Frank Grimes steals 2nd base
2-1: Ball
3-1: Base on Balls
Batting: SHB Salvador Trevino 0-0: Swinging Strike
0-1: Ball
1-1: Called Strike
1-2: Foul Ball, location: 2F
1-2: Ball
2-2: Ball
3-2: Foul Ball, location: 2F
3-2: Base on Balls
Frank Grimes to third
José Corona to second
Batting: RHB António Martínez 0-0: Ball
1-0: Foul Ball, location: 2F
1-1: Fly out, F8 (Flyball, 78M)
Bottom of the 2nd over - 3 runs, 2 hits, 0 errors, 3 left on base; Grafton 6 - Wizarding 3
TOP OF THE 3RD
Grafton Middies batting - Pitching for Wizarding Express : RHP Juan Contreras
Batting: RHB Stefano Gaddi 0-0: Ball
1-0: Foul Ball, location: 2F
1-1: Ball
2-1: Ground out 6-3 (Groundball, 6MD)
Batting: LHB Jorge Flores 0-0: Ground out 5-3 (Groundball, 25)
Batting: LHB John Meléndez 0-0: Called Strike
0-1: Called Strike
0-2: Ball
1-2: Ball
2-2: Foul Ball, location: 2F
2-2: Strikes out swinging
Top of the 3rd over - 0 runs, 0 hits, 0 errors, 0 left on base; Grafton 6 - Wizarding 3
BOTTOM OF THE 3RD
Wizarding Express batting - Pitching for Grafton Middies : RHP Craig Whitney
Batting: LHB Nathan Tanner 0-0: Ball
1-0: Ball
2-0: Called Strike
2-1: Called Strike
2-2: Foul Ball, location: 2F
2-2: Strikes out swinging
Batting: SHB Fernando Sánchez 0-0: SINGLE (Line Drive, 9S)
Batting: LHB António Boccanegra 0-0: Ball
1-0: Foul Ball, location: 2F
1-1: Called Strike
1-2: Strikes out swinging
Batting: RHB Ralph Cranford 0-0: Swinging Strike
0-1: Foul Ball, location: 2F
0-2: Ball
1-2: Ball
2-2: Strikes out looking
Bottom of the 3rd over - 0 runs, 1 hit, 0 errors, 1 left on base; Grafton 6 - Wizarding 3
TOP OF THE 4TH
Grafton Middies batting - Pitching for Wizarding Express : RHP Juan Contreras
Batting: LHB Juan Caro 0-0: Called Strike
0-1: Ball
1-1: Foul Ball, location: 2F
1-2: Ball
2-2: Ground out 1-3 (Groundball, 13)
Batting: RHB Pedro Santos 0-0: Ball
1-0: Swinging Strike
1-1: Swinging Strike
1-2: Foul Ball, location: 2F
1-2: Ball
2-2: Ball
3-2: Fly out, F3 (Line Drive, 3S)
Batting: RHB Orlando Reyes 0-0: Ball
1-0: Ground out 6-3 (Groundball, 6)
Top of the 4th over - 0 runs, 0 hits, 0 errors, 0 left on base; Grafton 6 - Wizarding 3
BOTTOM OF THE 4TH
Wizarding Express batting - Pitching for Grafton Middies : RHP Craig Whitney
Batting: LHB David Breitling 0-0: SINGLE (Line Drive, 7S)
Batting: RHB Frank Grimes 0-0: Ball
1-0: Ball
2-0: Ball
3-0: Called Strike
3-1: Fly out, F8 (Flyball, 8LD)
Batting: LHB José Corona 0-0: Ball
David Breitling is caught stealing 2nd base
1-0: Swinging Strike
1-1: Ball
2-1: Foul Ball, location: 2F
2-2: Strikes out swinging
Bottom of the 4th over - 0 runs, 1 hit, 0 errors, 0 left on base; Grafton 6 - Wizarding 3
TOP OF THE 5TH
Grafton Middies batting - Pitching for Wizarding Express : RHP Juan Contreras
Batting: LHB Mario Ramos 0-0: Ball
1-0: Ground out 4-3 (Groundball, 4MS)
Batting: LHB Phil MacNamara 0-0: Foul Ball, location: 2F
0-1: Ball
1-1: Ball
2-1: Ground out 5-3 (Groundball, 5S)
Batting: RHB Cristo González 0-0: Called Strike
0-1: Ball
1-1: Ball
2-1: SINGLE (Flyball, 7LS)
Batting: RHB Stefano Gaddi 0-0: Ball
1-0: Called Strike
1-1: SINGLE (Groundball, 56D)
Cristo González to second
Pitching: LHP Octávio Ríos
Batting: LHB Jorge Flores 0-0: Ball
1-0: Ball
2-0: Called Strike
2-1: Ball
3-1: Called Strike
3-2: Strikes out looking
Top of the 5th over - 0 runs, 2 hits, 0 errors, 2 left on base; Grafton 6 - Wizarding 3
BOTTOM OF THE 5TH
Wizarding Express batting - Pitching for Grafton Middies : RHP Craig Whitney
Batting: SHB Salvador Trevino 0-0: Ball
1-0: Ground out U3 (Groundball, 34S)
Batting: RHB António Martínez 0-0: Swinging Strike
0-1: Foul Ball, location: 2F
0-2: Ball
1-2: Ball
2-2: Foul Ball, location: 2F
2-2: Ball
3-2: Base on Balls
Batting: LHB Nathan Tanner 0-0: Foul Ball, location: 2F
0-1: Ball
1-1: Ball
2-1: Ball
3-1: Fly out, F2 (Popup, 15S)
Batting: SHB Fernando Sánchez 0-0: Ball
1-0: Ball
2-0: Ball
3-0: Fly out, F9 (Flyball, 9S)
Bottom of the 5th over - 0 runs, 0 hits, 0 errors, 1 left on base; Grafton 6 - Wizarding 3
TOP OF THE 6TH
Grafton Middies batting - Pitching for Wizarding Express : LHP Octávio Ríos
Batting: LHB John Meléndez 0-0: Fly out, F9 (Line Drive, 9)
Batting: LHB Juan Caro 0-0: Foul Ball, location: 2F
0-1: Called Strike
0-2: Strikes out swinging
Batting: RHB Pedro Santos 0-0: Swinging Strike
0-1: Foul Ball, location: 2F
0-2: Strikes out looking
Top of the 6th over - 0 runs, 0 hits, 0 errors, 0 left on base; Grafton 6 - Wizarding 3
BOTTOM OF THE 6TH
Wizarding Express batting - Pitching for Grafton Middies : RHP Craig Whitney
Batting: LHB António Boccanegra 0-0: Swinging Strike
0-1: Ball
1-1: Ball
2-1: SINGLE (Groundball, 34D)
Batting: RHB Ralph Cranford 0-0: Ball
1-0: Ball
Wild Pitch!
António Boccanegra to second
2-0: Fly out, F5 (Line Drive, 5)
Batting: LHB David Breitling 0-0: Called Strike
0-1: Foul Ball, location: 2F
0-2: Ground out 3-1 (Groundball, 34)
António Boccanegra to third
Batting: RHB Frank Grimes 0-0: 2-RUN HOME RUN (Flyball, 7LD), Distance : 341 ft
Batting: LHB José Corona 0-0: Swinging Strike
0-1: Swinging Strike
0-2: Hit by Pitch
Pitching: RHP António Marés
Batting: SHB Salvador Trevino 0-0: Foul Ball, location: 2F
0-1: Ball
1-1: Fly out, F7 (Flyball, 7S)
Bottom of the 6th over - 2 runs, 2 hits, 0 errors, 1 left on base; Grafton 6 - Wizarding 5
TOP OF THE 7TH
Grafton Middies batting - Pitching for Wizarding Express : LHP Octávio Ríos
Pitching: LHP Eijiro Takahashi
Batting: RHB Orlando Reyes 0-0: Ground out 6-3 (Groundball, 6)
Batting: LHB Mario Ramos 0-0: Ball
1-0: Called Strike
1-1: SOLO HOME RUN (Flyball, 9LD), Distance : 327 ft
Batting: LHB Phil MacNamara 0-0: Called Strike
0-1: Ground out U3 (Groundball, 34)
Batting: RHB Cristo González 0-0: Ball
1-0: Ball
2-0: Ball
3-0: Base on Balls
Batting: RHB Stefano Gaddi 0-0: Called Strike
0-1: Ball
1-1: Ball
2-1: Ball
3-1: SINGLE (Flyball, 9LS)
Cristo González to second
Runner from 2nd tries for 3rd, SAFE, throw made to third
Pinch Runner at 3rd Lúcio López:
Batting: LHB Jorge Flores 0-0: Called Strike
0-1: Foul Ball, location: 2F
0-2: Strikes out swinging
Top of the 7th over - 1 run, 2 hits, 0 errors, 2 left on base; Grafton 7 - Wizarding 5
BOTTOM OF THE 7TH
Wizarding Express batting - Pitching for Grafton Middies : RHP António Marés
Batting: RHB António Martínez 0-0: Ball
1-0: Swinging Strike
1-1: Foul Ball, location: 2F
1-2: Strikes out swinging, 2-3 out at first.
Batting: LHB Nathan Tanner 0-0: Ball
1-0: Called Strike
1-1: Fly out, F8 (Flyball, 8LD)
Batting: SHB Fernando Sánchez 0-0: Ball
1-0: Foul Ball, location: 2F
1-1: SINGLE (Flyball, 7S)
Batting: LHB António Boccanegra 0-0: Ball
1-0: Called Strike
1-1: Ball
2-1: Ball
Passed Ball!
Fernando Sánchez to second
3-1: Foul Ball, location: 2F
3-2: Base on Balls
Batting: RHB Ralph Cranford 0-0: Ball
1-0: Called Strike
1-1: Ball
2-1: Foul Ball, location: 2F
2-2: Foul Ball, location: 2F
2-2: Ball
3-2: Foul Ball, location: 2F
3-2: Strikes out swinging
Bottom of the 7th over - 0 runs, 1 hit, 0 errors, 2 left on base; Grafton 7 - Wizarding 5
TOP OF THE 8TH
Grafton Middies batting - Pitching for Wizarding Express : LHP Eijiro Takahashi
Batting: LHB John Meléndez 0-0: Foul Ball, location: 2F
0-1: Foul Ball, location: 2F
0-2: Strikes out swinging
Batting: LHB Juan Caro 0-0: Ball
1-0: Ball
2-0: Ball
3-0: Called Strike
3-1: Swinging Strike
3-2: Foul Ball, location: 2F
3-2: Strikes out swinging
Batting: RHB Pedro Santos 0-0: Swinging Strike
0-1: Ball
1-1: SOLO HOME RUN (Flyball, 7LD), Distance : 336 ft
Batting: RHB Orlando Reyes 0-0: Ball
1-0: Ball
2-0: Foul Ball, location: 2F
2-1: Ground out 6-3 (Groundball, 56)
Top of the 8th over - 1 run, 1 hit, 0 errors, 0 left on base; Grafton 8 - Wizarding 5
BOTTOM OF THE 8TH
Wizarding Express batting - Pitching for Grafton Middies : RHP António Marés
Batting: LHB David Breitling 0-0: Ball
1-0: Ball
2-0: Ground out 5-3 (Groundball, 56)
Batting: RHB Frank Grimes 0-0: Called Strike
0-1: Foul Ball, location: 2F
0-2: Ball
1-2: Foul Ball, location: 2F
1-2: Ball
2-2: Foul Ball, location: 2F
2-2: Ball
3-2: Base on Balls
Batting: LHB José Corona 0-0: Fly out, F9 (Flyball, 89D)
Batting: SHB Salvador Trevino 0-0: Ball
1-0: Ball
2-0: Fly out, F7 (Flyball, 7LS)
Bottom of the 8th over - 0 runs, 0 hits, 0 errors, 1 left on base; Grafton 8 - Wizarding 5
TOP OF THE 9TH
Grafton Middies batting - Pitching for Wizarding Express : LHP Eijiro Takahashi
Batting: LHB Mario Ramos 0-0: Ball
1-0: Foul Ball, location: 2F
1-1: Fly out, F6 (Line Drive, 6)
Batting: LHB Phil MacNamara 0-0: Ball
1-0: Called Strike
1-1: Ball
2-1: Foul Ball, location: 2F
2-2: Strikes out swinging
Batting: RHB Lúcio López 0-0: Called Strike
0-1: Called Strike
0-2: Ground out 6-3 (Groundball, 6)
Top of the 9th over - 0 runs, 0 hits, 0 errors, 0 left on base; Grafton 8 - Wizarding 5
BOTTOM OF THE 9TH
Wizarding Express batting - Pitching for Grafton Middies : RHP António Marés
Pitching: RHP Lynwood Matos
Batting: RHB António Martínez 0-0: Called Strike
0-1: Ball
1-1: Ball
2-1: Foul Ball, location: 2F
2-2: SINGLE (Flyball, 89S)
Batting: LHB Nathan Tanner 0-0: Swinging Strike
0-1: Swinging Strike
0-2: Fly out, F9 (Flyball, 9S)
Batting: SHB Fernando Sánchez 0-0: Ball
1-0: Swinging Strike
1-1: Ball
2-1: Called Strike
2-2: Fly out, F8 (Flyball, 8RS)
Batting: LHB António Boccanegra 0-0: SINGLE (Groundball, 2R) (infield hit)
António Martínez to second
Batting: RHB Ralph Cranford 0-0: Called Strike
0-1: Ground out 4-3 (Groundball, 4)
Bottom of the 9th over - 0 runs, 2 hits, 0 errors, 2 left on base; Grafton 8 - Wizarding 5
Sunday, March 18th, 2018 - OOTP Baseball 18.8 Build 76